 Dungeon Crawl Stone Soup version 0.21-a0-440-g28109cb (webtiles) character file.

85 theanonym the Grave Robber (level 4, -3/30 HPs)
             Began as a Demonspawn Necromancer on Nov 11, 2017.
             Slain by a wight
             ... wielding a cursed +4 great sword
              (12 damage)
             ... on level 3 of the Dungeon.
             The game lasted 00:08:46 (3830 turns).

theanonym the Grave Robber (Demonspawn Necromancer) Turns: 3830, Time: 00:08:47

Health: -3/30      AC:  2    Str:  8    XL:     4   Next: 25%
Magic:  8/8        EV: 12    Int: 18    God:
Gold:   95         SH:  6    Dex: 13    Spells: 4/9 levels left

rFire    + . .     SeeInvis .   l - +0 dagger
rCold    + . .     Gourm    .   (no shield)
rNeg     . . .     Faith    .   a - +0 robe
rPois    .         Spirit   .   (no helmet)
rElec    .         Reflect  .   (no cloak)
rCorr    .         Harm     .   (no gloves)
MR       .....                  (no boots)
Stlth    +++.......             (no amulet)
HPRegen  0.10/turn              p - ring of stealth {Stlth+}
MPRegen  0.11/turn              s - ring of protection from cold {rC+}

@: drained
A: large bone plates 2, fire resistance 1
a: no special abilities


Innate Abilities, Weirdness & Mutations

You are mostly covered in large bone plates. (SH +6)
Your flesh is heat resistant. (rF+)


   Skills:
 - Level 2.1(1.6) Dodging
 - Level 2.2(1.7) Stealth
 + Level 3.0(2.4) Spellcasting
 + Level 5.2(4.6) Necromancy


You had 4 spell levels left.
You knew the following spells:

 Your Spells              Type           Power        Failure   Level  Hunger
a - Pain                  Necr           ###.         2%          1    #......
b - Vampiric Draining     Necr           ###.......   8%          3    ###....
c - Animate Skeleton      Necr           N/A          2%          1    #......

Skill      XL: |  1  2  3  4 |
---------------+-------------+-----
Stealth        | 2 |  2.2
Dodging        | 2 |  2.1
Necromancy     | 5 |  5.2
Spellcasting   | 3 |  3.0

Action                   |  1- 3 |  4- 6 || total
-------------------------+-------+-------++-------
Melee: Club              |    12 |       ||    12
       Dagger            |    69 |     5 ||    74
 Cast: Pain              |    93 |    10 ||   103
       Animate Skeleton  |     3 |     3 ||     6
       Vampiric Draining |     3 |       ||     3
  Use: Scroll            |       |     1 ||     1
 Stab: Sleeping          |     7 |       ||     7
  Eat: Chunk             |     4 |     1 ||     5
       Meat ration       |     1 |       ||     1
Armor: Robe              |    14 |     7 ||    21
Dodge: Dodged            |    62 |     5 ||    67
Block: Other             |    18 |     3 ||    21

Inventory:

Hand Weapons
 l - a +0 dagger (weapon)
   (You took it off a goblin on level 1 of the Dungeon)
Armour
 a - a +0 robe (worn)
Jewellery
 p - a ring of stealth (left hand) {Stlth+}
   (You found it on level 2 of the Dungeon)
 s - a ring of protection from cold (right hand) {rC+}
   (You found it on level 2 of the Dungeon)
Scrolls
 f - a scroll of remove curse {unknown}
 h - 2 scrolls of fear {!r}
 k - a scroll of recharging {unknown}
 m - a scroll of magic mapping {unknown}
 r - 2 scrolls of identify
Potions
 e - 2 potions of might {unknown}
 i - 2 potions of haste {unknown}
 j - a potion of ambrosia {unknown}
 n - a potion of lignification {unknown}
 o - a potion of degeneration {unknown}
Books
 b - a book of Necromancy

   Spells                             Type                      Level
   a - Pain                           Necromancy                   1
   b - Animate Skeleton               Necromancy                   1
   c - Vampiric Draining              Necromancy                   3
   d - Regeneration                   Charms/Necromancy            3
   e - Animate Dead                   Necromancy                   4
   f - Control Undead                 Necromancy                   4
Comestibles
 c - a bread ration
 d - 3 royal jellies
 g - 5 fruits
 q - 3 chunks of flesh

Dungeon Overview and Level Annotations

Branches:
Dungeon (4/15)
 Temple: D:4-7

Altars:
Nemelex Xobeh
Ru

Annotations:
D:3 Sigmund


You were on level 3 of the Dungeon.
You were not hungry.

You visited 1 branch of the dungeon, and saw 4 of its levels.

You collected 95 gold pieces.


Message History

You take 1 damage, and have 29/30 hp.
You now have 7/8 mp.
Aim: a jackal (chance to defeat MR: 90%)
The jackal writhes in agony!
You kill the jackal!
Your base Spellcasting skill increases to level 3!
You take 1 damage, and have 28/30 hp.
You now have 6/8 mp.
A ball python comes into view.
Found a scroll labeled CUOMIL HAGHE.
You see here a jackal corpse.
You attempt to give life to the dead...
Before your eyes, flesh is ripped from the corpse!
The dead are walking!
The ball python hisses angrily.
You see here a chunk of flesh.
You now have 5/8 mp.
Aim: an orc, wielding a war axe (chance to defeat MR: 90%)
The orc writhes in agony!
You kill the orc!
You take 1 damage, and have 27/30 hp.
You now have 4/8 mp.
Things that are here:
a war axe; an orc corpse You attempt to give life to the dead...
Before your eyes, flesh is ripped from the corpse!
The dead are walking!
* * * LOW MAGIC WARNING * * *
You see here a chunk of flesh.
You swap places.
The ball python bites you but does no damage.
You block the ball python's attack.
Aim: a ball python (chance to defeat MR: 90%)
The ball python writhes in agony!
* * * LOW MAGIC WARNING * * *
The ball python bites you. The ball python grabs you.
The ball python constricts you.
Your jackal skeleton closely misses the ball python.
You take 3 damage, and have 25/30 hp.
You now have 3/8 mp.
Aim: a ball python (heavily wounded, constricting you, chance to defeat MR: 90%)
The ball python barely resists.
* * * LOW MAGIC WARNING * * *
The ball python bites you. The ball python constricts you.
Your jackal skeleton bites the ball python.
The ball python dies!
You take 2 damage, and have 23/30 hp.
You now have 2/8 mp.
q - 2 chunks of flesh (gained 1)
q - 3 chunks of flesh (gained 1)
A goblin comes into view.
A goblin is nearby!
You swap places.
You hit the goblin. The goblin hits you but does no damage.
Your jackal skeleton bites the goblin.
The goblin dies!
No target in view!
You see here a goblin corpse.
You attempt to give life to the dead...
Before your eyes, flesh is ripped from the corpse!
The dead are walking!
q - 4 chunks of flesh (gained 1)
You now have 4/8 mp.
What are your orders? t - Shout!
Orders for allies: a - Attack new target. r - Retreat! s - Stop attacking. g - Guard the area. f - Follow me.
Anything else - Cancel.
Gang up on whom?
Aim: a wight, wielding an enchanted great sword and wearing a robe Attack!
The wight hits your jackal skeleton with an enchanted great sword!
Your jackal skeleton is destroyed!
Your orc skeleton hits the wight but does no damage.
Your goblin skeleton hits the wight.
Your goblin skeleton hits the wight.
You can't see any susceptible monsters within range! (Use Z to cast anyway.) Unknown command.
The wight closely misses you.
You hit the wight but do no damage.
The wight hits you with an enchanted great sword!
Ouch! That really hurt!
* * * LOW HITPOINT WARNING * * *
You feel drained.
* * * LOW HITPOINT WARNING * * *
You take 20 damage, and have 7/30 hp.
MASSIVE DAMAGE!!
Your goblin skeleton hits the wight but does no damage.
Your orc skeleton closely misses the wight.
Your goblin skeleton barely misses the wight.
Sigmund the Dreaded comes into view.
He is wielding a scythe of freezing.
Sigmund moves out of view.
The wight closely misses you.
Your goblin skeleton hits the wight.
Some of the chunks of flesh in your inventory have rotted away.
MP restored: 8 A puff of flame appears from out of your range of vision.
The puff of flame hits your orc skeleton.
Your orc skeleton is destroyed!
As you read the scroll labeled ERIUCLA ALESIMP, it crumbles to dust.
It is a scroll of identify.
h - 2 scrolls of fear;
r - 2 scrolls of identify
s - a ring of protection from cold (right hand) {rC+} The wight hits you with an enchanted great sword!
You die...

#.#.#............)...............
#.#.#............................
#...#........................(...
#.#...#+#.............#+.........
....#...........Z...#.#+.......>.
#.#...........................#..
..............................###
###.#...........z.............# #
#.#...........@.............#
#.#.#######.................#
#...# ### #.................#
#...#######.............##### #
#.#.'.._..+.###.........# #
#.#.###.###.###.........# # #...#
#.# #...........###
###.###'###.###########
#.........#


You could see a wight and a friendly goblin skeleton.

Notes
Turn   | Place    | Note
-------+----------+-------------------------------------------
     0 | D:1      | theanonym the Demonspawn Necromancer began the quest for the Orb.
     0 | D:1      | Reached XP level 1. HP: 13/13 MP: 3/3
   224 | D:1      | Reached skill level 2 in Stealth
   451 | D:1      | Reached skill level 2 in Dodging
   451 | D:1      | Gained mutation: You are partially covered in large bone plates. (SH +4) [demonic ancestry]
   451 | D:1      | Reached XP level 2. HP: 17/19 MP: 1/5
  1296 | D:2      | HP: 9/19 [kobold/short sword (1)]
  1297 | D:2      | Gained mutation: Your flesh is heat resistant. (rF+) [demonic ancestry]
  1297 | D:2      | Reached XP level 3. HP: 12/24 MP: 0/6
  1464 | D:2      | Learned a level 3 spell: Vampiric Draining
  1466 | D:2      | Learned a level 1 spell: Animate Skeleton
  1549 | D:2      | HP: 12/24 [kobold/club (3)]
  2124 | D:2      | HP: 10/24 [worm (10)]
  2312 | D:2      | HP: 10/24 [worm (9)]
  2503 | D:2      | HP: 3/24 [worm (12)]
  2998 | D:2      | Reached skill level 5 in Necromancy
  3317 | D:3      | Found a sacrificial altar of Ru.
  3389 | D:3      | Gained mutation: You are mostly covered in large bone plates. (SH +6) [demonic ancestry]
  3389 | D:3      | Reached XP level 4. HP: 17/30 MP: 0/8
  3395 | D:3      | HP: 15/30 [poisoned by an adder]
  3403 | D:4      | HP: 14/30 [poisoned by an adder]
  3701 | D:3      | Found a sparkling altar of Nemelex Xobeh.
  3753 | D:3      | Reached skill level 3 in Spellcasting
  3809 | D:3      | HP: 13/30 [wight/enchanted great sword (15)]
  3815 | D:3      | Noticed Sigmund
  3830 | D:3      | Slain by a wight

Vanquished Creatures
  An adder (D:3)
  4 worms (D:2)
  3 dart slugs
  2 leopard geckos (D:2)
  An orc (D:3)
  4 giant cockroaches
  6 goblins
  7 hobgoblins
  3 jackals (D:3)
  2 kobolds (D:2)
  A quokka (D:2)
  6 bats
  4 frilled lizards
  7 rats
51 creatures vanquished.

Vanquished Creatures (collateral kills)
  A ball python (D:3)
  A goblin (D:3)
2 creatures vanquished.

Grand Total: 53 creatures vanquished
